 Dungeon Crawl Stone Soup version 0.29-a0-474-gdfe5cd140f (webtiles) character file.

Game seed: 4320981058837022716

975 ytrimaz the Chopper (level 8, -9/56 HPs)
             Began as a Formicid Fighter on May 22, 2022.
             Mangled by an iguana (12 damage)
             ... on level 6 of the Dungeon on May 23, 2022.
             The game lasted 00:06:35 (5450 turns).

ytrimaz the Chopper (Formicid Fighter)              Turns: 5450, Time: 00:06:37

Health: -9/56      AC:  4    Str: 23    XL:     8   Next: 39%
Magic:  8/8        EV:  9    Int:  8    God:
Gold:   295        SH:  4    Dex: 10    Spells: 7/7 levels left

rFire   . . .      SeeInvis +   a - +0 war axe
rCold   + . .      Faith    .   c - +0 buckler
rNeg    . . .      Spirit   .   b - +0 scale mail
rPois   .          Reflect  .   (helmet unavailable)
rElec   .          Harm     .   (no cloak)
rCorr   +          Rampage  .   (no gloves)
Will    .....                   (no boots)
Stlth   ..........              (no amulet)
HPRegen 0.18/turn               h - ring of protection from cold
MPRegen 0.11/turn               e - ring of resist corrosion

@: unable to read
A: permanent stasis, dig shafts and tunnels, antennae 3, four strong arms,
deformed body, frail 1, inability to read while threatened
a: Dig, Shaft Self


You were on level 6 of the Dungeon.
You visited 1 branch of the dungeon, and saw 6 of its levels.

You collected 295 gold pieces.

Inventory:

Hand Weapons
 a - a +0 war axe (weapon)
Armour
 b - a +0 scale mail (worn)
 c - a +0 buckler (worn)
Jewellery
 e - a ring of resist corrosion (right hand)
 h - a ring of protection from cold (left hand)
Wands
 f - a wand of flame (20)
Scrolls
 i - a scroll of magic mapping
 j - 2 scrolls of amnesia
 n - a scroll of poison
Potions
 g - 3 potions of attraction
 k - a potion of curing {unknown}
 l - a potion of magic {unknown}
 m - a potion of might


   Skills:
 + Level 5.6 Fighting
 - Level 0.2 Long Blades
 + Level 6.7 Axes
 + Level 6.3 Armour
 - Level 4.0 Shields


You had 7 spell levels left.
You didn't know any spells.
Your spell library contained the following spells:

 Spells                   Type           Power      Damage    Failure   Level
 Ensorcelled Hibernation  Hex/Ice        0%         N/A       88%         2
 Passwall                 Tmut/Erth      0%         N/A       88%         2
 Gell's Gravitas          Tloc           0%         N/A       98%         3
 Lesser Beckoning         Tloc           0%         N/A       98%         3
 Teleport Other           Tloc           0%         N/A       98%         3
 Swiftness                Air            Unusable   N/A       N/A         3

Dungeon Overview and Level Annotations

Branches:
Dungeon (6/15)
 Temple: D:4-7

Altars:
Cheibriados
Elyvilon
Uskayaw
Wu Jian
Xom

Shops:
D:2 !   D:4 (

Annotations:
D:3 1 runed translucent door, Mairsil's ghost, amateur MfTm


Innate Abilities, Weirdness & Mutations

You cannot be hasted, slowed, berserked, paralysed or teleported.
You can dig through walls and to a lower floor.
You have a pair of large antennae on your head. (SInv)
Your four strong arms can wield two-handed weapons with a shield.
Armour fits poorly on your strangely shaped body.
You are frail. (-10% HP)
You sometimes lose the ability to read scrolls when taking damage.


Message History

You kill the kobold!
You hit the iguana but do no damage.
You feel sick.
You are no longer poisoned.
The iguana bites you.
The kobold brigand hits you with a +0 short sword.
You hit the iguana but do no damage.
The iguana is severely wounded.
You barely miss the kobold brigand.
The kobold brigand hits you but does no damage.
The iguana bites you but does no damage.
The iguana bites you. The kobold brigand closely misses you.
Unknown command.
You hit the iguana but do no damage.
The iguana is severely wounded.
You barely miss the kobold brigand.
The iguana bites you but does no damage.
The kobold brigand hits you with a +0 short sword.
You completely miss the iguana.
The iguana is severely wounded.
You hit the kobold brigand. You block the iguana's attack.
The kobold brigand hits you with a +0 short sword.
You closely miss the iguana.
The iguana is severely wounded.
You hit the kobold brigand. The iguana bites you!
* * * LOW HITPOINT WARNING * * *
The kobold brigand hits you with a +0 short sword.
* * * LOW HITPOINT WARNING * * *
Unknown command.
You slash the kobold brigand!
You kill the kobold brigand!
You hit the iguana. The iguana bites you.
* * * LOW HITPOINT WARNING * * *
Your life force feels restored.
Unknown command.
It was a potion of mutation.
You feel extremely strange.
You lose the ability to read scrolls when threatened.
You feel frail.
Your body twists and deforms.
The iguana bites you!
You feel threatened and lose the ability to read scrolls!
You die...

##################
##...#...##.......#
##)........#.......#
#......?............
#...........<.......
###..l..........?....#
#....)@.....>.........
...#..).......#>.......
.....####..#.##........
.#.. ....#.########.#
## ###.### . ... ..8
....


You could see an iguana.

Vanquished Creatures
  An ice beast (D:4)
  A black bear (D:5)
  A phantom (D:5)
  A kobold brigand (D:6)
  A necrophage (D:5)
  A scorpion (D:4)
  A wight (D:5)
  2 jellies
  An orc priest (D:5)
  2 hounds (D:5)
  4 iguanas (D:5)
  3 orc wizards
  4 adders
  A worm (D:5)
  5 dart slugs
  18 orcs
  8 ball pythons
  4 bats
  5 endoplasms
  2 giant cockroaches
  5 goblins
  10 hobgoblins
  5 kobolds
  A quokka (D:1)
  6 frilled lizards
  4 rats
97 creatures vanquished.

Notes
Turn   | Place    | Note
-------+----------+-------------------------------------------
     0 | D:1      | ytrimaz the Formicid Fighter began the quest for the Orb.
     0 | D:1      | Reached XP level 1. HP: 18/18 MP: 1/1
     0 | D:1      | Upgraded the game from 0.29-a0-472-ge5599a681e to
                  | 0.29-a0-474-gdfe5cd140f
   254 | D:1      | Reached XP level 2. HP: 24/24 MP: 2/2
   776 | D:2      | Found a shimmering altar of Xom.
   807 | D:2      | Reached XP level 3. HP: 27/30 MP: 3/3
   971 | D:2      | Found Moemm's Distillery.
  1137 | D:2      | Found a faded altar of an unknown god.
  1550 | D:3      | Found an ornate altar of the Wu Jian Council.
  1665 | D:3      | Reached XP level 4. HP: 24/37 MP: 4/4
  2071 | D:3      | Found a runed translucent door.
  2186 | D:3      | Reached XP level 5. HP: 15/42 MP: 5/5
  2379 | D:3      | Found a white marble altar of Elyvilon.
  2677 | D:3      | Noticed Mairsil's ghost (amateur MfTm)
  2856 | D:4      | Noticed an ice beast
  2880 | D:4      | Killed an ice beast
  2881 | D:4      | Reached XP level 6. HP: 42/49 MP: 6/6
  3035 | D:4      | Found Ucacaoz's Weapon Boutique.
  3365 | D:5      | Entered Level 5 of the Dungeon
  3386 | D:5      | Reached skill level 5 in Axes
  3589 | D:5      | Reached XP level 7. HP: 46/55 MP: 7/7
  3598 | D:5      | Reached skill level 5 in Armour
  3736 | D:5      | Reached skill level 5 in Fighting
  4104 | D:5      | Reached XP level 8. HP: 30/62 MP: 8/8
  4577 | D:5      | Found a hide-covered altar of Uskayaw.
  4965 | D:5      | Found a snail-covered altar of Cheibriados.
  5449 | D:6      | HP: 3/60 [iguana (6)]
  5450 | D:6      | Gained mutation: You sometimes lose the ability to read
                  | scrolls when taking damage. [potion of mutation]
  5450 | D:6      | Gained mutation: You are frail. (-10% HP) [potion of
                  | mutation]
  5450 | D:6      | Gained mutation: Armour fits poorly on your strangely
                  | shaped body. [potion of mutation]
  5450 | D:6      | Mangled by an iguana

Illustrated notes

Levels and vault maps discovered:
D:1:      scummos_arrival_simple_crosswalls, layout_basic, minmay_door_square
D:2:      layout_loops_ring, hellmonk_ecumenical_altar_blasted, serial_shops,
          nicolae_lakefront_shop, basic_altar
D:3:      layout_basic, mainiacjoe_overflow_alcove_1,
          mainiacjoe_overflow_tiny_flanked, ebering_ghost_reflecting_pool,
          kennysheep_generic_room_16
D:4:      layout_cave_pools, serial_shops, nicolae_shop_statue_plus
D:5:      layout_loops_ring, amcnicky_altar_gilded, slow_altar_2
D:6:      layout_rooms, kennysheep_okawaru_gauntlet, grunt_gozag_statues,
          tgw_trog, minmay_temple_entry_crystal_x, minmay_fire_ice_demons,
          uniq_sigmund, uniq_menkaure

Skill      XL: |  1  2  3  4  5  6  7  8 |
---------------+-------------------------+-----
Fighting       | 4 5 |  5.6
Armour         | 4 5 6 |  6.3
Axes           | 3 4 5 6 |  6.7
Long Blades    | |  0.2
Shields        | |  4.0

Action                   |  1- 3 |  4- 6 |  7- 9 || total
-------------------------+-------+-------+-------++-------
Melee: War axe           |    79 |    82 |   145 ||   306
       Falchion          |    16 |       |       ||    16
  Use: Scroll            |     1 |     6 |       ||     7
       Potion            |       |     6 |     1 ||     7
 Stab: Invisible         |       |     1 |       ||     1
Armor: Scale mail        |    44 |    43 |    59 ||   146
Dodge: Dodged            |    49 |    39 |    76 ||   164
Block: Buckler           |    33 |    15 |    33 ||    81

Table legend: (Time is in decaauts)
 A = Elapsed time spent in this place.
 B = Non-inter-level travel time spent in this place.
 C = Inter-level travel time spent in this place.
 D = Time resting spent in this place.
 E = Time spent auto-exploring this place.
 F = Levels seen in this place.
 G = Mean time per level.
                   A        B        C        D        E       F      G
               +--------+--------+--------+--------+--------+-----+--------+
         Total |   5548 |   5359 |    189 |    281 |   4187 |   6 |  924.7 |
       Dungeon |   5548 |   5359 |    189 |    281 |   4187 |   6 |  924.7 |
               +--------+--------+--------+--------+--------+-----+--------+

Top non-repeatable levels by time:
     D:5: 2094 daAuts
     D:3: 1192 daAuts
     D:1: 790 daAuts
     D:2: 773 daAuts
     D:4: 670 daAuts
     D:6: 27 daAuts
